 Dungeon Crawl Stone Soup version 0.24-a0-639-gb70a11d811 (webtiles) character file.

Game seed: 6194690415773193666, levelgen mode: deterministic

508 Kisielow the Spear-Bearer (level 7, 0/54 HPs)
             Began as a Merfolk Gladiator on Sept 23, 2019.
             Was an Initiate of Okawaru.
             Slain by Ijyb
             ... wielding a +0 club
              (6 damage)
             ... on level 4 of the Dungeon.
             The game lasted 00:09:33 (3890 turns).

Kisielow the Spear-Bearer (Merfolk Gladiator)       Turns: 3890, Time: 00:09:34

Health: 0/54       AC:  5    Str: 15    XL:     7   Next: 18%
Magic:  7/7        EV: 15    Int:  7    God:    Okawaru [......]
Gold:   268        SH:  0    Dex: 17    Spells: 6/6 levels left

rFire    . . .     SeeInvis .   a - +0 trident
rCold    . . .     Gourm    .   (no shield)
rNeg     . . .     Faith    .   b - +0 leather armour
rPois    .         Spirit   .   c - +1 helmet
rElec    .         Reflect  .   (no cloak)
rCorr    .         Harm     .   (no gloves)
MR       .....     Rnd*Tele +   (no boots)
Stlth    +.........             h - amulet of the acrobat
HPRegen  0.18/turn              j - ring of teleportation (curse)
MPRegen  0.10/turn              (no ring)

@: no status effects
A: change form in water, swift swim, stealthy swim
a: Renounce Religion


You were on level 4 of the Dungeon.
You worshipped Okawaru.
Okawaru was noncommittal.
You were hungry.

You visited 1 branch of the dungeon, and saw 4 of its levels.

You collected 268 gold pieces.

Inventory:

Hand Weapons
 a - a +0 trident (weapon)
Armour
 b - a +0 leather armour (worn)
 c - a +1 helmet (worn)
Jewellery
 h - an amulet of the acrobat (around neck)
 j - a cursed ring of teleportation (left hand)
Wands
 l - a wand of polymorph (3)
 s - a wand of acid (13)
Scrolls
 i - 4 scrolls of teleportation
Potions
 e - a potion of invisibility
 g - a potion of curing {unknown}
 k - a potion of haste {unknown}
 m - a potion of agility
 o - a potion of resistance {unknown}
 p - a potion of degeneration {unknown}
 q - a potion of berserk rage
 r - a potion of heal wounds {unknown}
Comestibles
 f - 9 rations


   Skills:
 + Level 4.1 Fighting
 * Level 8.0 Polearms
 - Level 2.0 Throwing
 + Level 2.1 Armour
 + Level 5.9 Dodging


You had 6 spell levels left.
You didn't know any spells.
Your spell library was empty.

Dungeon Overview and Level Annotations

Branches:
Dungeon (4/15)
 Temple: D:4-7

Altars:
Dithmenos
Kikubaaqudgha
Nemelex Xobeh
Okawaru
Uskayaw

Annotations:
D:4 Ijyb


Message History

Ijyb hits you with a +0 club.
* * * LOW HITPOINT WARNING * * *
You closely miss Ijyb.
Ijyb is moderately wounded.
You barely miss Ijyb.
Ijyb is moderately wounded.
Ijyb barely misses you.
You hit Ijyb but do no damage.
Ijyb is moderately wounded.
Ijyb barely misses you.
You barely miss Ijyb.
Ijyb is moderately wounded.
Ijyb barely misses you.
You barely miss Ijyb.
Ijyb is moderately wounded.
Ijyb hits you but does no damage.
You hit Ijyb but do no damage.
Ijyb is moderately wounded.
Ijyb hits you with a +0 club.
You die...

.# #^..(...(... ...
.^##^......$... ...
.^.≈^.......... ...
..((........... ...
............... ...
#..........# ...
#.........# ...
.#######...)g....#
...
...........@...####
###
...................
##
...................
#.
...................
#.
...................
#.
...................
#.
...................
+.
...................
#.
...................
#.


You could see Ijyb.

Vanquished Creatures
  Sigmund (D:2)
  An ogre (D:4)
  Natasha (thrice) (D:3)
  A hound skeleton (D:2)
  8 adders
  An adder skeleton (D:4)
  2 worms (D:2)
  3 dart slugs
  3 leopard geckos
  6 orcs
  6 giant cockroaches
  6 goblins
  8 hobgoblins
  6 jackals
  5 quokkas
  8 bats
  5 frilled lizards
  12 kobolds
  9 rats
94 creatures vanquished.

Notes
Turn   | Place    | Note
-------+----------+-------------------------------------------
     0 | D:1      | Kisielow the Merfolk Gladiator began the quest for the Orb.
     0 | D:1      | Reached XP level 1. HP: 16/16 MP: 1/1
   251 | D:1      | Reached XP level 2. HP: 23/23 MP: 2/2
   507 | D:1      | Reached skill level 5 in Polearms
   630 | D:1      | Reached XP level 3. HP: 28/28 MP: 3/3
  1217 | D:2      | Reached XP level 4. HP: 23/34 MP: 4/4
  1422 | D:2      | Noticed Sigmund
  1448 | D:2      | Killed Sigmund
  1448 | D:2      | Reached skill level 6 in Polearms
  1448 | D:2      | Reached skill level 1 in Armour
  1448 | D:2      | Reached skill level 5 in Dodging
  1448 | D:2      | Reached XP level 5. HP: 41/41 MP: 5/5
  1563 | D:2      | Reached XP level 6. HP: 47/47 MP: 6/6
  2026 | D:2      | Found an ancient bone altar of Kikubaaqudgha.
  2130 | D:2      | Reached skill level 7 in Polearms
  2343 | D:3      | Found an iron altar of Okawaru.
  2359 | D:3      | Became a worshipper of Warmaster Okawaru
  2446 | D:3      | Found a shadowy altar of Dithmenos.
  2602 | D:3      | Found a hide-covered altar of Uskayaw.
  2604 | D:3      | Noticed a +0 dagger
  2604 | D:3      | Noticed a +0 dagger
  2745 | D:3      | Found a sparkling altar of Nemelex Xobeh.
  2749 | D:3      | Noticed Natasha
  2769 | D:3      | Killed Natasha
  3259 | D:3      | Noticed Natasha
  3272 | D:3      | Killed Natasha
  3543 | D:3      | Noticed Natasha
  3553 | D:3      | Killed Natasha
  3849 | D:4      | Noticed Ijyb
  3879 | D:4      | Reached skill level 8 in Polearms
  3879 | D:4      | Reached XP level 7. HP: 6/54 MP: 7/7
  3890 | D:4      | Slain by Ijyb

Levels and vault maps discovered:
D:1:      psy_arrival_fountain, layout_basic, serial_forest,
          infiniplex_forest_clump_double, infiniplex_forest_straight_4,
          infiniplex_forest_lined_room_3, infiniplex_forest_lined_3,
          infiniplex_forest_lined_corner, minmay_splitting_lines,
          minmay_misc_feat_four_crosses, minmay_pentomino_x4
D:2:      layout_loops_cross, kiku_gazebo_garden_becter, first_ration,
          kennysheep_decorative_pillar, minmay_tree_intersection, uniq_sigmund
D:3:      layout_basic, dancing_weapons_uskayaw, marbit_many_paths,
          nemelex_xobeh_ov_fountains_minmay, nicolae_dithmenos_shadow_blocks,
          st_stairs_12, uniq_natasha
D:4:      layout_basic, grunt_qazlal_sundering, uniq_ijyb

Skill      XL: |  1  2  3  4  5  6 |
---------------+-------------------+-----
Polearms       | 5 6 8 |  8.0
Fighting       | 3 4 |  4.1
Armour         | 1 2 |  2.1
Dodging        | 5 |  5.9
Throwing       | |  2.0

Action                   |  1- 3 |  4- 6 |  7- 9 || total
-------------------------+-------+-------+-------++-------
Melee: Trident           |    78 |   174 |    11 ||   263
Throw: Boomerang         |    34 |    78 |       ||   112
       Throwing net      |       |     4 |       ||     4
  Use: Scroll            |       |     9 |       ||     9
 Stab: Sleeping          |       |     3 |       ||     3
  Eat: Chunk             |     1 |     8 |       ||     9
Armor: Leather armour    |    14 |    41 |       ||    55
       Skin              |       |     6 |       ||     6
Dodge: Dodged            |    49 |   149 |     5 ||   203

Table legend:
 A = Non-vault XP
 B = Vault XP
 C = Vault XP percentage of total XP
 D = Non-vault monster count
 E = Vault monster count
 F = Vault count percentage of total count
                 A         B        C        D         E       F
            +---------+---------+-------+---------+---------+-------
      Total |     443 |     284 |  39.1 |      86 |       8 |   8.5
            +---------+---------+-------+---------+---------+-------
        D:1 |      39 |       6 |  13.3 |      25 |       3 |  10.7
        D:2 |     106 |     223 |  67.8 |      25 |       1 |   3.8
        D:3 |     150 |      55 |  26.8 |      28 |       4 |  12.5
        D:4 |     148 |       0 |   0.0 |       8 |       0 |   0.0
            +---------+---------+-------+---------+---------+-------
